 Dungeon Crawl Stone Soup version 0.29-a0-275-g389c0b56f3 (webtiles) character file.

Game seed: 13029317803069513118

51 pcat the Digger (level 3, 0/21 HPs)
             Began as a Gargoyle Earth Elementalist on Mar 10, 2022.
             Slain by a gnoll
             ... wielding a +1 vorpal spear
              (1 damage)
             ... on level 2 of the Dungeon.
             The game lasted 00:03:00 (1927 turns).

pcat the Digger (Gargoyle Earth Elementalist)       Turns: 1927, Time: 00:03:04

Health: 0/21       AC:  5    Str: 11    XL:     3   Next: 81%
Magic:  0/6        EV: 11    Int: 17    God:
Gold:   68         SH:  0    Dex: 10    Spells: 6/7 levels left

rFire   . . .      SeeInvis .   e - +0 dagger (protect)
rCold   . . .      Faith    .   (no shield)
rNeg    + . .      Spirit   .   b - +0 robe
rPois   ∞          Reflect  .   (no helmet)
rElec   +          Harm     .   (no cloak)
rCorr   .          Rampage  .   (no gloves)
Will    .....                   (no boots)
Stlth   ++........              (no amulet)
HPRegen 0.07/turn               (no ring)
MPRegen 0.10/turn               (no ring)

@: no status effects
A: sickness immunity, AC +3, negative energy resistance 1, electricity
resistance, torment resistance 1, petrification resistance
a: no special abilities


You were on level 2 of the Dungeon.
You visited 1 branch of the dungeon, and saw 2 of its levels.

You collected 68 gold pieces.

Inventory:

Hand Weapons
 d - a +0 dagger
 e - a +0 dagger of protection (weapon)
Missiles
 a - 27 stones
Armour
 b - a +0 robe (worn)
Scrolls
 f - 2 scrolls of identify {unknown}
 g - a scroll of teleportation {unknown}
 k - a scroll of noise {unknown}
Potions
 c - a potion of magic
 h - a potion of haste {unknown}
 i - a potion of mutation {unknown}
 j - a potion of resistance {unknown}


   Skills:
 + Level 1.6 Fighting
 - Level 1.5 Dodging
 - Level 2.1 Stealth
 + Level 2.5 Spellcasting
 + Level 1.4 Transmutations
 + Level 4.1 Earth Magic


You had 6 spell levels left.
You knew the following spells:

 Your Spells              Type           Power      Damage    Failure   Level
a - Sandblast             Erth           32%        2d9       3%          1

Your spell library contained the following spells:

 Spells                   Type           Power      Damage    Failure   Level
 Passwall                 Tmut/Erth      9%         N/A       9%          2
 Stone Arrow              Conj/Erth      18%        3d8       24%         3
 Petrify                  Tmut/Erth      11%        N/A       50%         4
 Irradiate                Conj/Tmut      2%         3d14      98%         5
 Sublimation of Blood     Necr           Unusable   N/A       N/A         2

Dungeon Overview and Level Annotations

Branches:
Dungeon (2/15)

Altars:

Shops:
D:1 [


Innate Abilities, Weirdness & Mutations

You are immune to sickness and miasma.
Your stone body is resilient. (AC +3)
You are immune to poison.
You resist negative energy. (rN+)
You are resistant to electric shocks. (rElec)
You are resistant to unholy torment.
You are immune to petrification.


Message History

A gnoll comes into view. It is wielding a +0 flail.
Casting: Sandblast (safe; 3% risk of failure)
Confirm with . or Enter, or press ? or * to list all spells.
Aiming: Sandblast (safe; 3% risk of failure)
Press: ? - help, Shift-Dir - straight line, f/p - gnoll
Aim: a gnoll, wielding a +0 flail (almost dead, 82% to hit)
The blast of sand hits the gnoll!
You kill the gnoll!
The gnoll shouts!
Casting: Sandblast (safe; 3% risk of failure)
Confirm with . or Enter, or press ? or * to list all spells.
Aiming: Sandblast (safe; 3% risk of failure)
Press: ? - help, Shift-Dir - straight line, f - gnoll
Aim: a gnoll, wielding a +1 vorpal spear (82% to hit)
The blast of sand misses the gnoll.
The gnoll hits you from afar with a +1 vorpal spear.
Casting: Sandblast (safe; 3% risk of failure)
Confirm with . or Enter, or press ? or * to list all spells.
Aiming: Sandblast (safe; 3% risk of failure)
Press: ? - help, Shift-Dir - straight line, f/p - gnoll
Aim: a gnoll, wielding a +1 vorpal spear (82% to hit)
The blast of sand hits the gnoll.
The gnoll is heavily wounded.
The gnoll hits you from afar with a +1 vorpal spear.
* * * LOW HITPOINT WARNING * * *
x2
Casting: Sandblast (safe; 3% risk of failure)
Confirm with . or Enter, or press ? or * to list all spells.
Aiming: Sandblast (safe; 3% risk of failure)
Press: ? - help, Shift-Dir - straight line, f/p - gnoll
Aim: a gnoll, wielding a +1 vorpal spear (moderately wounded, 82% to hit)
The blast of sand misses the gnoll.
The gnoll misses you.
Casting: Sandblast (safe; 3% risk of failure)
Confirm with . or Enter, or press ? or * to list all spells.
Aiming: Sandblast (safe; 3% risk of failure)
Press: ? - help, Shift-Dir - straight line, f/p - gnoll
Aim: a gnoll, wielding a +1 vorpal spear (moderately wounded, 82% to hit)
The blast of sand misses the gnoll.
The gnoll hits you from afar with a +1 vorpal spear.
* * * LOW HITPOINT WARNING * * *
You die...

..........[#...#.#.#.#.#.#..#.###
##.#..###.###.>#.................
##.#.###.## ##.#.#.#.#.#.........
##.#.# ##.###..#...........##g###
#..#. ##>#.#.............##g#
#.##. ###.######..#####.###)#
#.##. ###.....####..#####.# #.#
#.# .....................###.#
#.# ####.......@.gg.g........#
#.# #......####......###### ..#
#......# ######.# ..## ######.#
#.# ...######## #†# #.#
..........# #.# #.# ...######.#
#.# #.# ..## #.# #.# #.# .## #.#
#.#


You could see 3 gnolls.

Vanquished Creatures
  A gnoll (D:2)
  2 dart slugs (D:1)
  A ball python (D:1)
  2 bats (D:2)
  An endoplasm (D:1)
  2 giant cockroaches (D:1)
  3 goblins (D:1)
  3 hobgoblins
  6 jackals (D:2)
  4 kobolds
  3 frilled lizards
  8 rats
36 creatures vanquished.

Notes
Turn   | Place    | Note
-------+----------+-------------------------------------------
     0 | D:1      | pcat the Gargoyle Earth Elementalist began the quest for
                  | the Orb.
     0 | D:1      | Reached XP level 1. HP: 10/10 MP: 3/3
   274 | D:1      | Reached skill level 1 in Transmutations
   615 | D:1      | Reached XP level 2. HP: 10/16 MP: 1/5
   792 | D:1      | Reached skill level 1 in Fighting
   863 | D:1      | Found Zedaokk's Armour Shop.
  1016 | D:1      | Reached skill level 4 in Earth Magic
  1149 | D:1      | Found a faded altar of an unknown god.
  1409 | D:2      | Reached XP level 3. HP: 20/20 MP: 6/6
  1927 | D:2      | HP: 1/21 [gnoll/+1 vorpal spear (4)]
  1927 | D:2      | Slain by a gnoll

Illustrated notes

Levels and vault maps discovered:
D:1:      lightli_arrival_statuegarden, layout_basic,
          shapermc_ecumenical_altar_mp_vishouse, serial_shops,
          nicolae_shop_trees
D:2:      layout_loops_ring, serial_glass, glass_columns_b, glass_columns_c,
          glass_columns_a, glass_columns_c, glass_columns_b

Skill      XL: |  1  2 |
---------------+-------+-----
Transmutations | 1 |  1.4
Fighting       | 1 |  1.6
Earth Magic    | 4 |  4.1
Dodging        | |  1.5
Stealth        | |  2.1
Spellcasting   | |  2.5

Action                   || total
-------------------------++-------
Melee: Dagger            ||   138
       Punch             ||     3
 Cast: Sandblast         ||    19
 Stab: Sleeping          ||     4
Armor: Robe              ||    60
Dodge: Dodged            ||    95

Table legend: (Time is in decaauts)
 A = Elapsed time spent in this place.
 B = Non-inter-level travel time spent in this place.
 C = Inter-level travel time spent in this place.
 D = Time resting spent in this place.
 E = Time spent auto-exploring this place.
 F = Levels seen in this place.
 G = Mean time per level.
                   A        B        C        D        E       F      G
               +--------+--------+--------+--------+--------+-----+--------+
         Total |   1925 |   1875 |     50 |    376 |   1089 |   2 |  962.5 |
       Dungeon |   1925 |   1875 |     50 |    376 |   1089 |   2 |  962.5 |
               +--------+--------+--------+--------+--------+-----+--------+

Top non-repeatable levels by time:
     D:1: 1350 daAuts
     D:2: 575 daAuts
